 Dungeon Crawl Stone Soup version 0.31-a0-43-g46d131a48f (webtiles) character file.

Game seed: 4026262877734635683

3506 IdlyInterested the Fighter (level 9, -6/82 HPs)
             Began as a Demonspawn Wanderer on May 18, 2023.
             Mangled by a gnoll sergeant
             ... wielding a +6 trident of venom
              (8 damage)
             ... on level 9 of the Dungeon.
             The game lasted 00:27:38 (8361 turns).

IdlyInterested the Fighter (Demonspawn Wanderer)    Turns: 8361, Time: 00:27:38

Health: -6/82      AC: 28    Str: 15    XL:     9   Next: 80%
Magic:  9/9        EV:  5    Int: 16    God:
Gold:   267        SH:  0    Dex: 16    Spells: 8/8 levels left

rFire   . . .        D - +5 scimitar
rCold   . . .        (no shield)
rNeg    . . .        S - +6 plate armour of Velat {Int+4}
rPois   .            g - +0 helmet
rElec   .            (no cloak)
rCorr   .            a - +0 pair of gloves
SInv    .            i - +0 pair of boots
Will    .....        k - amulet of magic regeneration Stlth
                     w - +4 ring of protection
HPRegen 0.33/turn    (no ring)
MPRegen 0.51/turn

%: no passive effects
@: lethally poisoned (-6 -> -18), studying Long Blades
A: slimy green scales 2, demonic guardian 2, foul stench 2
a: no special abilities


You were on level 9 of the Dungeon.
You visited 2 branches of the dungeon, and saw 10 of its levels.

You collected 413 gold pieces.
You spent 146 gold pieces at shops.

Inventory:

Hand Weapons
 d - a +0 scimitar
 h - a +2 vampiric dagger
 A - a +3 dagger
 D - a +5 scimitar (weapon)
 F - a +2 dagger of draining
Missiles
 l - 46 stones (quivered)
 m - 10 poisoned darts
 G - a boomerang
 I - a curare-tipped dart
 L - a throwing net
 Q - 2 atropa-tipped darts
 T - 5 javelins
Armour
 a - a +0 pair of gloves (worn)
 f - a +1 leather armour of fire resistance
 g - a +0 helmet (worn)
 i - a +0 pair of boots (worn)
 p - a +1 ring mail of positive energy
 u - the +0 ring mail "Tyaxuotz" {rF- rN+ SInv Stlth+}
   (You found it on level 2 of the Dungeon)

   rF:        It makes you vulnerable to fire.
   rN:        It protects you from negative energy.
   SInv:      It lets you see invisible.
   Stlth:     It makes you more stealthy.
 S - the +6 plate armour of Velat (worn) {Int+4}
   (You found it on level 7 of the Dungeon)

   Int:       It affects your intelligence (+4).
Jewellery
 k - an amulet of magic regeneration (around neck)
 w - a +4 ring of protection (left hand)
Wands
 y - a wand of acid (17)
 H - a wand of flame (12)
Scrolls
 b - 2 scrolls of fog
 c - 5 scrolls of teleportation
 e - 3 scrolls of enchant weapon
 n - 2 scrolls of enchant armour {unknown}
 r - 2 scrolls of vulnerability
 s - 2 scrolls of fear
 x - a scroll of brand weapon
 B - a scroll of torment
 E - 2 scrolls of blinking
 J - 2 scrolls of noise {unknown}
 K - a scroll of amnesia {unknown}
 N - a scroll of butterflies
 O - 2 scrolls of magic mapping
 R - a scroll of immolation
Potions
 j - a potion of invisibility
 t - 2 potions of flight
 v - a potion of haste
 z - 2 potions of attraction
 P - 2 potions of might
 V - a potion of mutation


   Skills:
 * Level 12.3 Fighting
 - Level 3.0 Throwing
 - Level 4.0 Armour
 - Level 4.0 Dodging
 + Level 3.4 Stealth
 - Level 3.0 Evocations


You had 8 spell levels left.
You didn't know any spells.
Your spell library contained the following spells:

 Spells                   Type           Power      Damage    Failure   Level
 Slow                     Hex            0%         N/A       100%        1
 Lesser Beckoning         Tloc           0%         N/A       100%        2
 Sublimation of Blood     Necr           0%         N/A       100%        2
 Confusing Touch          Hex            0%         N/A       100%        3
 Gell's Gravitas          Tloc           0%         N/A       100%        3
 Teleport Other           Tloc           0%         N/A       100%        3
 Vampiric Draining        Necr           0%         2d6       100%        3
 Vhi's Electric Charge    Tloc/Air       0%         N/A       100%        3
 Petrify                  Tmut/Erth      0%         N/A       100%        4
 Arcjolt                  Conj/Air       0%         1d10      100%        5
 Irradiate                Conj/Tmut      0%         3d11      100%        5
 Metabolic Englaciation   Hex/Ice        0%         N/A       100%        5
 Statue Form              Tmut/Erth      0%         N/A       100%        6
 Maxwell's Capacitive Co  Air            0%         ∞         100%        8


Dungeon Overview and Level Annotations

Branches:
Dungeon (9/15)             Temple (1/1) D:7            Lair (0/5) D:8
    Orc: D:9-12

Altars:
Ashenzari
Cheibriados
Dithmenos
Fedhas
Gozag
Hepliaklqana
Kikubaaqudgha
Makhleb
Nemelex Xobeh
Okawaru
Qazlal
Ru
Sif Muna
Uskayaw
Wu Jian
Xom
Yredelemnul

Shops:
D:2 *


Innate Abilities, Weirdness & Mutations

You are mostly covered in slimy green scales. (AC +3)
A demonic guardian rushes to your aid.
You sometimes emit foul miasma when damaged in melee.


Message History

You feel very sick. The kobold hits you but does no damage.
A kobold comes into view. It is wielding a +0 dagger.
The gnoll attacks as you move away! The gnoll hits you but does no damage.
You feel very sick. The kobold hits you but does no damage.
You feel sick.
You feel very sick. The kobold attacks as you move away!
The kobold hits you but does no damage.
You feel sick.
You slash the kobold!
You kill the kobold!
You feel sick.
The kobold brigand throws a poisoned dart.
The poisoned dart barely misses you.
The gnoll sergeant hits you but does no damage.
You are more poisoned.
The gnoll sergeant hits you but does no damage.
You are more poisoned.
The gnoll hits you but does no damage.
You slash the kobold brigand!
The kobold brigand is severely wounded.
You feel very sick.
The kobold brigand hits you but does no damage.
The gnoll barely misses you.
The gnoll sergeant hits you but does no damage.
You are more poisoned.
Okay, then.
You hit the kobold brigand.
The kobold brigand is almost dead.
* * * LOW HITPOINT WARNING * * *
You feel very sick.
The kobold brigand hits you but does no damage.
The gnoll hits you but does no damage.
The gnoll sergeant hits you from afar with a +6 trident of venom!
* * * LOW HITPOINT WARNING * * *
A demonic guardian appears!
The kobold hits you but does no damage. The kobold barely misses you.
The gnoll sergeant hits you from afar with a +6 trident of venom!
You die...

............####.###
......$.....##.....## #
............#.......#.#
......#.....#.......#.#
....g###.g..Y..._.....#
......#.....#gg.....#
....../.gg..#ggg....#
≈≈≈.........##.KgK.##
..≈....Y....####@###
≈...........4........#
≈...............#....#
≈.Y......###...## ....
##... ... #... .. #...
. .....


You could see a yak, a kobold brigand (ally target), a gnoll sergeant, 5 gnolls,
a kobold and a friendly orange demon (summoned).

Vanquished Creatures
  2 komodo dragons (D:8)
  A hornet (D:8)
  2 wyverns (D:8)
  2 basilisks (D:8)
  An acid dragon (D:8)
  A water moccasin (D:7)
  An orc warrior (D:8)
  A sky beast (D:6)
  An ice beast (D:7)
  An ogre (D:5)
  3 centaurs
  2 kobold brigands
  3 scorpions
  2 bullfrogs
  A lava snake (D:7)
  2 jellies (D:7)
  An orc priest (D:8)
  3 hounds (D:5)
  Ijyb (D:3)
  2 iguanas
  An orc wizard (D:3)
  3 sleepcaps
  9 adders
  4 gnolls (D:6)
  A shadow imp (D:3)
  2 white imps
  An ufetubus (D:7)
  2 worms
  2 dart slugs
  23 orcs
  8 ball pythons
  7 endoplasms
  3 giant cockroaches
  5 goblins
  4 hobgoblins
  6 quokkas
  4 bats
  5 frilled lizards
  12 kobolds
  10 rats
145 creatures vanquished.

Vanquished Creatures (collateral kills)
  An ice beast (D:8)
  4 wights (D:8)
  An orc priest (D:8)
  8 orcs (D:8)
  3 kobolds (D:8)
17 creatures vanquished.

Grand Total: 162 creatures vanquished

Notes
Turn   | Place    | Note
-------+----------+-------------------------------------------
     0 | D:1      | IdlyInterested the Demonspawn Wanderer began the quest for
                  | the Orb.
     0 | D:1      | IdlyInterested set off with the following items: a +0
                  | dagger, 2 scrolls of fog, a scroll of teleportation, a +2
                  | leather armour.
     0 | D:1      | Reached XP level 1. HP: 19/19 MP: 1/1
   166 | D:1      | Reached skill level 1 in Stealth
   217 | D:1      | Gained mutation: You may rarely emit foul miasma when
                  | damaged in melee. [demonic ancestry]
   217 | D:1      | Reached XP level 2. HP: 25/25 MP: 2/2
   385 | D:1      | Reached skill level 1 in Throwing
   860 | D:2      | Gained mutation: You sometimes emit foul miasma when
                  | damaged in melee. [demonic ancestry]
   860 | D:2      | Reached XP level 3. HP: 31/31 MP: 3/3
  1096 | D:2      | Found Fuyvo's General Store.
  1123 | D:2      | Reached skill level 5 in Fighting
  1123 | D:2      | Reached XP level 4. HP: 31/39 MP: 4/4
  1188 | D:2      | Identified the +0 ring mail "Tyaxuotz" {rF- rN+ SInv
                  | Stlth+}
  1596 | D:2      | Bought a stone for 1 gold piece
  1596 | D:2      | Bought a scroll of identify for 20 gold pieces
  1596 | D:2      | Bought a potion of attraction for 30 gold pieces
  1970 | D:3      | Noticed Ijyb
  1984 | D:3      | Killed Ijyb
  2101 | D:3      | Found an ancient bone altar of Kikubaaqudgha.
  2106 | D:3      | Found a hide-covered altar of Uskayaw.
  2107 | D:3      | Found a shadowy altar of Dithmenos.
  2107 | D:3      | Found a stormy altar of Qazlal.
  2107 | D:3      | Found a burning altar of Makhleb.
  2107 | D:3      | Found a broken altar of Ashenzari.
  2109 | D:3      | Found a shimmering blue altar of Sif Muna.
  2110 | D:3      | Found a blossoming altar of Fedhas.
  2111 | D:3      | Found an iron altar of Okawaru.
  2298 | D:3      | Gained mutation: You are partially covered in slimy green
                  | scales. (AC +2) [demonic ancestry]
  2298 | D:3      | Reached XP level 5. HP: 43/46 MP: 5/5
  2503 | D:2      | Bought a scroll of torment for 95 gold pieces
  2787 | D:4      | Reached skill level 6 in Fighting
  3181 | D:5      | Entered Level 5 of the Dungeon
  3191 | D:5      | Gained mutation: You are mostly covered in slimy green
                  | scales. (AC +3) [demonic ancestry]
  3191 | D:5      | Reached XP level 6. HP: 50/52 MP: 6/6
  3364 | D:5      | Reached skill level 7 in Fighting
  3603 | D:5      | Gained mutation: A weak demonic guardian rushes to your
                  | aid. [demonic ancestry]
  3603 | D:5      | Reached XP level 7. HP: 60/60 MP: 7/7
  4556 | D:6      | Reached skill level 8 in Fighting
  5148 | D:6      | Gained mutation: A demonic guardian rushes to your aid.
                  | [demonic ancestry]
  5148 | D:6      | Reached XP level 8. HP: 69/69 MP: 8/8
  5287 | D:7      | Found a staircase to the Ecumenical Temple.
  5294 | Temple   | Entered the Ecumenical Temple
  5515 | D:7      | Found a basalt altar of Yredelemnul.
  5517 | D:7      | Noticed a profane servitor
  5534 | D:7      | Noticed an angel
  5687 | D:7      | Reached skill level 9 in Fighting
  5735 | D:7      | Identified the +6 plate armour of Velat {Int+4}
  6033 | D:7      | Found an opulent altar of Gozag.
  6805 | D:8      | Reached skill level 10 in Fighting
  6977 | D:8      | Reached XP level 9. HP: 38/77 MP: 9/9
  7204 | D:8      | Reached skill level 11 in Fighting
  7731 | D:8      | Noticed a komodo dragon
  7741 | D:8      | Killed a komodo dragon
  7867 | D:8      | Reached skill level 12 in Fighting
  7935 | D:8      | Found a staircase to the Lair.
  7947 | D:8      | Noticed a komodo dragon
  7952 | D:8      | Killed a komodo dragon
  8351 | D:9      | Found a sacrificial altar of Ru.
  8361 | D:9      | HP: 2/82 [gnoll sergeant/+6 trident of venom (13)]
  8361 | D:9      | Mangled by a gnoll sergeant

Illustrated notes

Levels and vault maps discovered:
D:1:      onia_arrival_mini_spirals, layout_rooms, chequers_hall_statues_y
D:2:      layout_loops_ring, serial_shops, shop
D:3:      layout_loops_ring, minitemple, uniq_ijyb
D:4:      layout_rooms, minmay_checkerbox
D:5:      layout_basic, corexii_hall_statues_deadend, minmay_misc_feat_roman,
          serial_bayou_pond_a, chequers_serial_rivers_small_a
D:6:      layout_basic
D:7:      layout_gridville, grunt_temple_overflow_holy_war,
          mainiacjoe_overflow_chevrons, minmay_temple_entry_tees,
          nicolae_lava_and_water
D:8:      layout_basic, erik_lair_dragon
D:9:      layout_big_octagon, old_standard_altar,
          mainiacjoe_overflow_concentric_impassable, erik_orc_2,
          serial_gnoll_camp, gnoll_camp_mini_hut, gnoll_camp_mini_hut,
          gnoll_camp_mini_hut, gnoll_camp_mini_loothouse, gnoll_camp_mini_hut,
          chequers_serial_rivers_small_b
Temple:   hellmonk_temple_beads

Skill      XL: |  1  2  3  4  5  6  7  8  9 |
---------------+----------------------------+-----
Stealth        | 1 2 3 |  3.4
Throwing       | 1 2 3 |  3.0
Armour         | 2 3 4 |  4.0
Fighting       | 5 6 7 8 10 12 | 12.3
Evocations     | 2 3 |  3.0
Dodging        | 3 4 |  4.0

Action                     |  1- 3 |  4- 6 |  7- 9 || total
---------------------------+-------+-------+-------++-------
  Melee: Dagger            |    76 |   218 |   245 ||   539
         Short sword       |    76 |       |       ||    76
         Punch             |     2 |     2 |     3 ||     7
         Hand axe          |    32 |    47 |       ||    79
         Scimitar          |       |       |    45 ||    45
  Throw: Stone             |    11 |       |     9 ||    20
         Dart              |       |     4 |     9 ||    13
  Evoke: Wand              |       |       |     1 ||     1
    Use: Potion            |     1 |       |     2 ||     3
         Scroll            |       |     7 |     7 ||    14
   Stab: Sleeping          |     2 |     7 |     4 ||    13
         Distracted        |       |       |     1 ||     1
 Armour: Leather armour    |    79 |    15 |       ||    94
         Ring mail         |       |    95 |    83 ||   178
         Plate armour      |       |       |   165 ||   165
  Dodge: Dodged            |   126 |   154 |   117 ||   397

Table legend: (Time is in decaauts)
 A = Elapsed time spent in this place.
 B = Non-inter-level travel time spent in this place.
 C = Inter-level travel time spent in this place.
 D = Time resting spent in this place.
 E = Time spent auto-exploring this place.
 F = Levels seen in this place.
 G = Mean time per level.
                   A        B        C        D        E       F      G
               +--------+--------+--------+--------+--------+-----+--------+
         Total |   8425 |   7333 |   1092 |    624 |   4594 |  10 |  842.5 |
       Dungeon |   8315 |   7233 |   1082 |    624 |   4502 |   9 |  923.9 |
        Temple |    109 |     99 |     10 |      0 |     92 |   1 |  109.0 |
               +--------+--------+--------+--------+--------+-----+--------+

Top non-repeatable levels by time:
     D:8: 1634 daAuts
     D:7: 1263 daAuts
     D:5: 1128 daAuts
     D:6: 1000 daAuts
     D:2: 946 daAuts
     D:1: 890 daAuts
     D:3: 858 daAuts
     D:4: 571 daAuts
  Temple: 109 daAuts
     D:9: 22 daAuts
